 Dungeon Crawl Stone Soup version 0.31-a0-1370-gf52a5a9ab3 (webtiles) character file.

Game seed: 8246759808915554964

1969 croobank the Sneak (level 8, -6/66 HPs)
             Began as a Demigod Fire Elementalist on Dec 24, 2023.
             Mangled by a yak (12 damage)
             ... on level 7 of the Dungeon.
             The game lasted 00:16:54 (9609 turns).

croobank the Sneak (Demigod Fire Elementalist)      Turns: 9609, Time: 00:16:55

Health: -6/66      AC: 10    Str:  9    XL:     8   Next: 68%
Magic:  2/17       EV: 12    Int: 31    God:
Gold:   320        SH:  0    Dex: 14    Spells: 4/14 levels left

rFire   . . .        u - +0 war axe (venom)
rCold   . . .        (no shield)
rNeg    . . .        y - +0 acid dragon scales
rPois   .            (no helmet)
rElec   .            (no cloak)
rCorr   +            e - +2 pair of gloves
SInv    .            (no boots)
Will    .....        f - amulet of the acrobat
Stlth   ++           p - +6 ring of intelligence
HPRegen 0.31/turn    (no ring)
MPRegen 0.15/turn

%: acrobat
@: mighty, hasted, very quick
A: high MP 1, forlorn, divine attributes
a: no special abilities


You were on level 7 of the Dungeon.
You visited 1 branch of the dungeon, and saw 7 of its levels.

You collected 320 gold pieces.

Inventory:

Hand Weapons
 a - a +2 short sword
 u - a +0 war axe of venom (weapon)
 E - a +0 trident
Missiles
 m - 7 atropa-tipped darts
 o - 6 datura-tipped darts
 v - 2 boomerangs
Armour
 d - a +0 buckler
 e - a +2 pair of gloves (worn)
 h - a +0 robe
 w - a +0 ring mail
 x - a +0 leather armour
 y - +0 acid dragon scales (worn)
Jewellery
 f - an amulet of the acrobat (around neck)
 p - a +6 ring of intelligence (left hand)
Talismans
 l - a flux talisman
Wands
 b - a wand of roots (12)
 s - a wand of flame (12)
 t - a wand of mindburst (12)
 z - a wand of paralysis (14)
Scrolls
 n - a scroll of immolation
 q - a scroll of poison
 F - a scroll of teleportation
Potions
 g - 3 potions of curing
 i - 2 potions of enlightenment
 k - 2 potions of heal wounds {unknown}
 r - a potion of invisibility {unknown}
 A - a potion of attraction {unknown}
 B - 2 potions of degeneration {unknown}
 C - a potion of brilliance {unknown}
 D - a potion of berserk rage {unknown}


   Skills:
 + Level 3.7 Fighting
 + Level 3.2 Armour
 + Level 4.2 Dodging
 + Level 4.6 Stealth
 + Level 3.8 Spellcasting
 + Level 3.6 Conjurations
 + Level 3.3 Hexes
 + Level 4.6 Fire Magic


You had 4 spell levels left.
You knew the following spells:

 Your Spells              Type           Power      Damage    Failure   Level
a - Foxfire               Conj/Fire      100%       2x1d9     1%          1
b - Scorch                Fire           68%        2d7       2%          2
c - Inner Flame           Hex/Fire       30%        N/A       6%          3
d - Flame Wave            Conj/Fire      31%        2d9       19%         4

Your spell library contained the following spells:

 Spells                   Type           Power      Damage    Failure   Level
 Sigil of Binding         Hex            26%        N/A       8%          3
 Volatile Blastmotes      Fire/Tloc      40%        2d13      12%         3
 Cigotuvi's Dreadful Rot  Necr/Alch/Air  10%        N/A       16%         2
 Cause Fear               Hex            13%        N/A       26%         4
 Call Canine Familiar     Summ           5%         N/A       30%         3
 Fugue of the Fallen      Necr           5%         N/A       30%         3
 Ozocubu's Armour         Ice            5%         N/A       30%         3
 Ignite Poison            Fire/Alch      20%        N/A       36%         4
 Dimensional Bullseye     Hex/Tloc       8%         N/A       45%         4
 Animate Armour           Summ/Erth      10%        N/A       69%         4
 Manifold Assault         Tloc           5%         N/A       69%         4
 Summon Lightning Spire   Summ/Air       5%         N/A       69%         4
 Fireball                 Conj/Fire      15%        3d8       45%         5
 Freezing Cloud           Conj/Ice/Air   6%         6-21      86%         5
 Lee's Rapid Deconstruct  Erth           2%         3d5*      95%         5
 Dragon's Call            Summ           2%         N/A       100%        9


Dungeon Overview and Level Annotations

Branches:
Dungeon (7/15)             Temple (0/1) D:5

Shops:
D:4 =   D:6 :


Innate Abilities, Weirdness & Mutations

You have an increased reservoir of magic. (+10% MP)
You shall have no god before yourself.
Your divine heritage dramatically boosts your attributes as you level up.


Message History

The flame wave engulfs the yak!
The yak is heavily wounded.
The flame wave engulfs the yak!
The yak is heavily wounded.
The flame wave engulfs the yak!
The yak is moderately wounded.
You finish channelling waves of flame.
The water moccasin barely misses you. The yak misses you.
Casting: Flame Wave (dangerous; 19% risk of failure)
Confirm with . or Enter, or press ? or * to list all spells.
You don't have enough magic to cast this spell.
You feel very mighty all of a sudden.
The yak is no longer more vulnerable to fire.
The water moccasin bites you but does no damage.
The yak gores you but does no damage. The water moccasin barely misses you.
The yak misses you.
Your +0 war axe of venom begins to drip with poison!
u - a +0 war axe of venom (weapon)
The yak is no longer more vulnerable to fire.
The yak gores you.
You hit the yak.
You kill the yak!
You closely miss the water moccasin. You barely miss the yak.
You closely miss the yak. x2
The water moccasin bites you but does no damage.
The yak gores you. The yak misses you. The yak closely misses you.
The water moccasin closely misses you. The yak gores you.
You slash the water moccasin!
You kill the water moccasin!
You hit the yak.
The yak is poisoned.
You hit the yak.
The yak is poisoned.
You closely miss the yak. The yak gores you! The yak barely misses you.
The yak gores you! The yak gores you.
* * * LOW HITPOINT WARNING * * *
You are too injured to fight recklessly!
Okay, then.
You feel yourself speed up. The yak gores you!
* * * LOW HITPOINT WARNING * * *
The yak closely misses you. The yak gores you but does no damage.
The yak gores you!
You die...

####.### ##......
.>....# S....#
....# ###...#
##.....# ##YY....#
##.Y@Y...##
##.........#
##..........#
##............#
#...............
##..............#
##...............#
#................
#...............


You could see 4 yaks.

Vanquished Creatures
  Grinder (D:6)
  2 yaks (D:7)
  An acid dragon (D:6)
  A water moccasin (D:7)
  Duvessa (D:5)
  A black bear (D:6)
  An ogre (D:5)
  A bullfrog (D:6)
  3 scorpions
  Dowan (D:5)
  A howler monkey (D:4)
  2 orc priests (D:4)
  2 jellies
  4 hounds
  2 iguanas
  Ijyb (D:3)
  4 orc wizards
  Terence (D:3)
  6 gnolls
  3 adders
  A white imp (D:6)
  5 worms
  4 dart slugs
  23 orcs
  4 ball pythons
  4 endoplasms
  5 giant cockroaches
  5 goblins
  6 hobgoblins
  2 jackals (D:2)
  5 bats
  6 frilled lizards
  3 kobolds
  2 rats
114 creatures vanquished.

Vanquished Creatures (others)
  296 foxfires
296 creatures vanquished.

Grand Total: 410 creatures vanquished

Notes
Turn   | Place    | Note
-------+----------+-------------------------------------------
     0 | D:1      | croobank the Demigod Fire Elementalist began the quest for
                  | the Orb.
     0 | D:1      | Reached XP level 1. HP: 14/14 MP: 5/5
   246 | D:1      | Reached skill level 1 in Conjurations
   637 | D:1      | Reached XP level 2. HP: 20/20 MP: 4/7
   646 | D:1      | Learned a level 2 spell: Scorch
  2022 | D:2      | Reached XP level 3. HP: 27/27 MP: 4/8
  2026 | D:2      | Learned a level 3 spell: Inner Flame
  2611 | D:2      | Reached skill level 1 in Fighting
  2976 | D:2      | Reached XP level 4. HP: 35/35 MP: 5/10
  4415 | D:3      | Noticed Ijyb
  4418 | D:3      | Killed Ijyb
  4431 | D:3      | Reached skill level 1 in Hexes
  4434 | D:3      | Noticed Terence
  4440 | D:3      | Killed Terence
  4441 | D:3      | Reached XP level 5. HP: 34/40 MP: 2/11
  4843 | D:4      | Found Noenukoa's Jewellery Boutique.
  5404 | D:4      | Reached skill level 1 in Armour
  5545 | D:4      | Reached XP level 6. HP: 48/48 MP: 4/12
  6330 | D:5      | Entered Level 5 of the Dungeon
  6542 | D:5      | Noticed Duvessa
  6547 | D:5      | Reached XP level 7. HP: 24/56 MP: 2/14
  6553 | D:6      | Found Ykloxt's Book Emporium.
  6673 | D:5      | Noticed Dowan
  6676 | D:5      | Killed Dowan
  7609 | D:5      | Found a staircase to the Ecumenical Temple.
  7833 | D:5      | Killed Duvessa
  8466 | D:6      | Learned a level 4 spell: Flame Wave
  8487 | D:6      | Noticed Grinder
  8511 | D:6      | Killed Grinder
  8512 | D:6      | Reached XP level 8. HP: 63/63 MP: 3/16
  9609 | D:7      | Mangled by a yak

Illustrated notes

Levels and vault maps discovered:
D:1:      kennysheep_arrival_seaside, layout_rooms,
          hellmonk_ecumenical_altar_heavens_door, grunt_decor_resistance,
          minivault_26, kennysheep_decorative_pillar
D:2:      layout_loops_cross
D:3:      layout_loops_corners, uniq_terence, uniq_ijyb
D:4:      layout_loops_corners, serial_shops, kennysheep_mini_moat
D:5:      minmay_evil_eye, layout_basic, minmay_temple_entry_drinking_statues,
          columned_hall_lemuel, grunt_ministairs_6,
          chequers_serial_rivers_small_b, uniq_duvessa
D:6:      layout_loops_ring, grunt_temple_overflow_diamond, serial_shops, shop,
          uniq_grinder
D:7:      layout_cave_pods, vehumet_crystals, enter_bailey_3

Skill      XL: |  1  2  3  4  5  6  7  8 |
---------------+-------------------------+-----
Conjurations   | 1 2 3 |  3.6
Stealth        | 2 3 4 |  4.6
Dodging        | 2 3 4 |  4.2
Spellcasting   | 2 3 |  3.8
Fighting       | 1 2 3 |  3.7
Fire Magic     | 3 4 |  4.6
Hexes          | 1 2 3 |  3.3
Armour         | 1 2 3 |  3.2

Action                     |  1- 3 |  4- 6 |  7- 9 || total
---------------------------+-------+-------+-------++-------
  Melee: Unarmed           |     3 |       |       ||     3
         Short sword       |    18 |    33 |     4 ||    55
         War axe           |       |       |     2 ||     2
   Cast: Foxfire           |    68 |    81 |    24 ||   173
         Scorch            |    24 |    41 |    49 ||   114
         Flame Wave        |       |       |     1 ||     1
  Evoke: Wand              |       |     2 |     3 ||     5
    Use: Scroll            |     1 |     5 |    13 ||    19
         Potion            |       |     1 |     2 ||     3
   Stab: Sleeping          |       |     3 |       ||     3
 Armour: Robe              |    21 |    32 |     8 ||    61
         Acid dragon scale |       |       |    18 ||    18
  Dodge: Dodged            |    30 |    45 |    31 ||   106

Table legend: (Time is in decaauts)
 A = Elapsed time spent in this place.
 B = Non-inter-level travel time spent in this place.
 C = Inter-level travel time spent in this place.
 D = Time resting spent in this place.
 E = Time spent auto-exploring this place.
 F = Levels seen in this place.
 G = Mean time per level.
                   A        B        C        D        E       F      G
               +--------+--------+--------+--------+--------+-----+--------+
         Total |   9618 |   9274 |    344 |   2646 |   5486 |   7 | 1374.0 |
       Dungeon |   9618 |   9274 |    344 |   2646 |   5486 |   7 | 1374.0 |
               +--------+--------+--------+--------+--------+-----+--------+

Top non-repeatable levels by time:
     D:1: 2138 daAuts
     D:5: 1885 daAuts
     D:4: 1633 daAuts
     D:3: 1415 daAuts
     D:6: 1331 daAuts
     D:2: 1183 daAuts
     D:7: 30 daAuts
